 Dungeon Crawl Stone Soup version 0.30.0-29-ga12c61a403 (webtiles) character file.

Game seed: 15212585630272573808

807 qw the Chopper (level 7, -1/43 HPs)
             Began as a Gargoyle Fighter on June 5, 2023.
             Slain by a yak (8 damage)
             ... on level 5 of the Dungeon.
             The game lasted 00:01:44 (3858 turns).

qw the Chopper (Gargoyle Fighter)                   Turns: 3858, Time: 00:01:45

Health: -1/43      AC: 20    Str: 21    XL:     7   Next: 92%
Magic:  7/7        EV: 11    Int:  9    God:
Gold:   175        SH:  4    Dex:  9    Spells: 6/6 levels left

rFire   . . .        Y - +0 war axe (chaos)
rCold   . . .        c - +0 buckler
rNeg    + . .        q - +0 plate armour
rPois   inf          p - +0 helmet
rElec   +            (no cloak)
rCorr   .            f - +0 pair of gloves
SInv    +            g - +0 pair of boots
Will    ++...        (no amulet) Stlth
                     i - ring of see invisible
HPRegen 0.27/turn    j - +5 ring of evasion
MPRegen 0.10/turn

%: no passive effects
@: about to teleport
A: sickness immunity, AC +4, negative energy resistance 1, electricity
resistance, torment resistance 1, petrification resistance, strong-willed 2
a: no special abilities


You were on level 5 of the Dungeon.
You visited 1 branch of the dungeon, and saw 5 of its levels.

You collected 175 gold pieces.


Innate Abilities, Weirdness & Mutations

You are immune to sickness and miasma.
Your stone body is resilient. (AC +4)
You are immune to poison.
You resist negative energy. (rN+)
You are resistant to electric shocks. (rElec)
You are resistant to unholy torment.
You are immune to petrification.
You are highly strong-willed. (Will++)


   Skills:
 + Level 4.0 Fighting
 - Level 7.0 Axes
 - Level 2.4 Throwing
 - Level 4.0 Armour
 - Level 3.2 Shields


You had 6 spell levels left.
You didn't know any spells.
Your spell library was empty.

Inventory:

Hand Weapons
 e - a +0 flail
 Y - a +0 war axe of chaos (weapon)
Missiles
 m - 7 boomerangs (quivered)
Armour
 c - a +0 buckler (worn)
 f - a +0 pair of gloves (worn)
 g - a +0 pair of boots (worn)
 p - a +0 helmet (worn)
 q - a +0 plate armour (worn)
Jewellery
 i - a ring of see invisible (left hand)
 j - a +5 ring of evasion (right hand)
 r - a ring of magical power
Scrolls
 a - a scroll of identify
 b - a scroll of summoning {unknown}
 h - a scroll of teleportation
Potions
 d - a potion of might
 k - 3 potions of mutation
 l - 2 potions of haste
 o - 3 potions of curing

Dungeon Overview and Level Annotations

Branches:
Dungeon (5/15)
 Temple: D:4-7

Altars:
The Shining One


Message History

You hit the yak. You burn the yak. The yak gores you!
The yak gores you but does no damage.
A yak comes into view.
The yak gores you but does no damage. The yak gores you.
The yak bellows!
You slash the yak! You freeze the yak.
The yak is almost dead.
You barely miss the yak. The yak gores you but does no damage.
The yak gores you!
You barely miss the yak.
The yak is almost dead.
You hit the yak. You freeze the yak. You block the yak's attack.
The yak barely misses you.
You hit the yak.
You kill the yak!
You hit the yak. You freeze the yak. The yak gores you!
Your Axes skill increases to level 7!
You hit the yak but do no damage.
The yak is moderately wounded.
The yak closely misses you.
You barely miss the yak.
The yak is moderately wounded.
You slash the yak!
The yak goes berserk!
The yak is heavily wounded.
The yak misses you. You block the yak's attack.
You slash the yak! You burn the yak.
The yak is severely wounded.
You hit the yak.
You feel better. The yak gores you but does no damage. The yak gores you.
The yak gores you! The yak closely misses you.
3857 ||| READING 2 scrolls of teleportation.
As you read the scroll of teleportation, it crumbles to dust.
You feel strangely unstable. The yak gores you but does no damage.
You block the yak's attack.
You hit the yak but do no damage.
The yak is severely wounded.
You slash the yak! Lightning courses through the yak!
The yak blinks!
The yak gores you!
You die...

#######
###############.....##
#.........#...#.....#.
#.....[...'...'.....#.
#.........#...#.....'.
#.........#...#.....#.
#........#...#.....#.
#..ยค@Y...#...+.....#.
###Y##########.....#.
..Y ........#. ..<..
........'. .......
........## ..(....
...#####.. ###....
#...#.. ##+##
##########...#..
...................'..


You could see 3 yaks.

Vanquished Creatures
  A yak (D:5)
  A water moccasin (D:5)
  2 ogres (D:4)
  A scorpion (D:5)
  A hound (D:4)
  An orc priest (D:5)
  Jessica (D:3)
  An iguana (D:4)
  2 orc wizards (D:5)
  An adder (D:3)
  3 ufetubi
  3 worms
  2 dart slugs
  19 orcs
  9 endoplasms
  2 giant cockroaches
  6 goblins
  10 hobgoblins
  5 jackals
  8 kobolds
  8 quokkas
  12 ball pythons
  6 bats
  2 frilled lizards
  3 rats
110 creatures vanquished.

Notes
Turn   | Place    | Note
-------+----------+-------------------------------------------
     0 | D:1      | qw the Gargoyle Fighter began the quest for the Orb.
     0 | D:1      | Reached XP level 1. HP: 14/14 MP: 1/1
     0 | D:1      | 0 ||| qw: Version: 0.2-a-108-gee2c290
     0 | D:1      | 0 ||| qw: Game counter: 1407
     0 | D:1      | 0 ||| qw: Always use a shield: true
     0 | D:1      | 0 ||| qw: God list: Okawaru
     0 | D:1      | 0 ||| qw: Allow faded altars: false
     0 | D:1      | 0 ||| qw: Do Orc after D:15 true
     0 | D:1      | 0 ||| qw: Do second Lair branch before Depths: true
     0 | D:1      | 0 ||| qw: Lair rune preference: random
     0 | D:1      | 0 ||| qw: Plans: Normal, Zot:1-4, Slime:5, God:TSO, Crypt,
                  | Tomb, Abyss, Pan, Hells, Win
     0 | D:1      | 0 ||| PLANNING D:1-11
    34 | D:1      | Reached skill level 2 in Axes
    42 | D:1      | Reached XP level 2. HP: 12/19 MP: 2/2
   253 | D:1      | 253 ||| Stepping ~*~*~tactically~*~*~ (hiding).
   492 | D:1      | 492 ||| Stepping ~*~*~tactically~*~*~ (stealth).
   501 | D:1      | Reached skill level 3 in Axes
   503 | D:1      | Reached XP level 3. HP: 21/23 MP: 3/3
   958 | D:1      | 958 ||| UPGRADING to +0 pair of boots.
   963 | D:1      | 963 ||| UPGRADING to ring of see invisible.
   964 | D:1      | 964 ||| UPGRADING to +5 ring of evasion.
   965 | D:1      | 965 ||| READING 2 scrolls labelled WOIXAA LAULO.
   966 | D:1      | 966 ||| READING 2 scrolls labelled WAOCHE VERHYUG.
   969 | D:1      | 969 ||| DRINKING 2 fuming brown potions.
   979 | D:1      | 979 ||| DROPPING scroll of blinking.
   980 | D:1      | 980 ||| DROPPING potion of ambrosia.
  1354 | D:2      | Reached XP level 4. HP: 28/28 MP: 4/4
  1441 | D:2      | Reached skill level 1 in Throwing
  1634 | D:2      | 1634 ||| DROPPING +0 club.
  1741 | D:2      | 1741 ||| UPGRADING to +0 pair of gloves.
  1746 | D:2      | 1746 ||| UPGRADING to +0 plate armour.
  1756 | D:2      | 1756 ||| DROPPING +0 scale mail.
  1757 | D:2      | 1757 ||| READING 2 scrolls labelled NYGORO GOUPNO.
  1758 | D:2      | 1758 ||| READING scroll labelled FINEQO KODACA.
  1759 | D:2      | 1759 ||| READING scroll labelled ENERUT ULOAXUE.
  1824 | D:3      | 1824 ||| Stepping ~*~*~tactically~*~*~ (stealth).
  1856 | D:3      | 1856 ||| Stepping ~*~*~tactically~*~*~ (hiding).
  1938 | D:3      | Reached skill level 4 in Axes
  2023 | D:3      | Found a faded altar of an unknown god.
  2031 | D:3      | Noticed Jessica
  2033 | D:3      | 2033 ||| Stepping ~*~*~tactically~*~*~ (hiding).
  2037 | D:3      | 2037 ||| Stepping ~*~*~tactically~*~*~ (hiding).
  2038 | D:3      | 2038 ||| Stepping ~*~*~tactically~*~*~ (hiding).
  2039 | D:3      | 2039 ||| Stepping ~*~*~tactically~*~*~ (hiding).
  2045 | D:3      | 2045 ||| Stepping ~*~*~tactically~*~*~ (hiding).
  2048 | D:3      | Killed Jessica
  2049 | D:3      | Reached XP level 5. HP: 32/32 MP: 5/5
  2201 | D:3      | 2201 ||| Stepping ~*~*~tactically~*~*~ (hiding).
  2573 | D:3      | 2573 ||| READING scroll labelled IHEXAE BOGO.
  2574 | D:3      | 2574 ||| READING scroll labelled LUEPAU PINN.
  2575 | D:3      | 2575 ||| READING scroll labelled CIOTHR TAYLLIFA.
  2598 | D:3      | 2598 ||| DRINKING 2 coppery potions.
  2598 | D:3      | Gained mutation: You are strong-willed. (Will+) [potion of
                  | mutation]
  2598 | D:3      | Gained mutation: You are highly strong-willed. (Will++)
                  | [potion of mutation]
  2599 | D:3      | 2599 ||| DRINKING 2 sedimented green potions.
  2600 | D:3      | 2600 ||| READING 3 scrolls of identify.
  2600 | D:3      | 2600 ||| IDENTIFYING viscous emerald potion
  2601 | D:3      | 2601 ||| READING 2 scrolls of identify.
  2601 | D:3      | 2601 ||| IDENTIFYING glowing red potion
  2602 | D:3      | 2602 ||| DROPPING potion of berserk rage.
  2755 | D:4      | 2755 ||| DROPPING +0 whip.
  2758 | D:4      | Found a glowing golden altar of the Shining One.
  2770 | D:4      | Noticed an ogre
  2771 | D:4      | 2771 ||| Stepping ~*~*~tactically~*~*~ (stealth).
  2773 | D:4      | 2773 ||| Stepping ~*~*~tactically~*~*~ (stealth).
  2780 | D:4      | Killed an ogre
  2781 | D:4      | Reached skill level 5 in Axes
  2781 | D:4      | Reached XP level 6. HP: 26/37 MP: 6/6
  3483 | D:4      | 3483 ||| UPGRADING to +0 helmet.
  3488 | D:4      | 3488 ||| READING scroll labelled QIUFEK WALAPP.
  3489 | D:4      | 3489 ||| READING scroll labelled DUYNOU MUTON.
  3490 | D:4      | 3490 ||| READING 2 scrolls of identify.
  3490 | D:4      | 3490 ||| IDENTIFYING yellow potion
  3491 | D:4      | 3491 ||| DROPPING potion of flight.
  3574 | D:5      | Entered Level 5 of the Dungeon
  3578 | D:5      | 3578 ||| STAIRDANCE
  3581 | D:4      | Reached skill level 6 in Axes
  3597 | D:5      | Noticed a water moccasin
  3602 | D:5      | Reached XP level 7. HP: 32/43 MP: 7/7
  3671 | D:5      | 3671 ||| Stepping ~*~*~tactically~*~*~ (hiding).
  3845 | D:5      | Noticed a yak
  3846 | D:5      | Noticed a yak
  3846 | D:5      | Noticed a yak
  3849 | D:5      | Noticed a yak
  3852 | D:5      | Killed a yak
  3853 | D:5      | Reached skill level 7 in Axes
  3856 | D:5      | HP: 7/43 [yak (7)]
  3857 | D:5      | 3857 ||| READING 2 scrolls of teleportation.
  3858 | D:5      | Slain by a yak

Levels and vault maps discovered:
D:1:      giann_forest_graveyard, layout_basic, kennysheep_nondescript,
          serial_bayou_crossing
D:2:      layout_basic
D:3:      layout_loops_cross, dreamdust_ecumenical_altar_grove, uniq_jessica
D:4:      minmay_angry_zag, layout_cave_pods,
          mainiacjoe_overflow_small_starburst, minmay_fractal_squares_gapless_5
D:5:      layout_gridville

Skill      XL: |  1  2  3  4  5  6  7 |
---------------+----------------------+-----
Axes           | 2 3 4 5 6 7 |  7.0
Throwing       | 1 2 |  2.4
Fighting       | 4 |  4.0
Armour         | 4 |  4.0
Shields        | |  3.2

Action                     |  1- 3 |  4- 6 |  7- 9 || total
---------------------------+-------+-------+-------++-------
  Melee: War axe           |   104 |    83 |    43 ||   230
  Throw: Javelin           |     5 |    41 |     3 ||    49
         Boomerang         |     4 |    14 |     1 ||    19
    Use: Scroll            |     2 |    11 |     1 ||    14
         Potion            |     1 |     2 |       ||     3
   Stab: Confused          |       |     1 |       ||     1
 Armour: Scale mail        |    49 |     1 |       ||    50
         Plate armour      |       |    37 |    22 ||    59
  Dodge: Dodged            |    56 |    29 |    26 ||   111
  Block: Buckler           |    25 |    15 |    16 ||    56

Table legend:
 A = Non-vault XP
 B = Vault XP
 C = Vault XP percentage of total XP
 D = Non-vault monster count
 E = Vault monster count
 F = Vault count percentage of total count
                 A         B        C        D         E       F
            +---------+---------+-------+---------+---------+-------
      Total |    1054 |     100 |   8.7 |      99 |      11 |  10.0
            +---------+---------+-------+---------+---------+-------
        D:1 |      56 |       0 |   0.0 |      30 |       0 |   0.0
        D:2 |      44 |       0 |   0.0 |      21 |       0 |   0.0
        D:3 |      34 |      37 |  52.1 |      13 |       1 |   7.1
        D:4 |     326 |      63 |  16.2 |      20 |      10 |  33.3
        D:5 |     594 |       0 |   0.0 |      15 |       0 |   0.0
            +---------+---------+-------+---------+---------+-------
